 Dungeon Crawl Stone Soup version 0.21.1-1-g345015f (webtiles) character file.

710175 Raikon the Executioner (level 27, -2/266 HPs)
             Began as a Minotaur Fighter on June 9, 2018.
             Was an Elder of the Shining One.
             Killed from afar by an orb of fire (80 damage)
             ... with a bolt of fire
             ... on level 5 of the Realm of Zot on July 7, 2018.
             The game lasted 07:15:30 (65044 turns).

Raikon the Executioner (Minotaur Fighter)          Turns: 65044, Time: 07:15:32

Health: -2/266     AC: 38    Str: 31    XL:     27
Magic:  26/34      EV: 28    Int:  8    God:    the Shining One [****..]
Gold:   3296       SH: 17    Dex: 18    Spells: 26/26 levels left

rFire    . . .     SeeInvis .   x - +2 executioner's axe (holy)
rCold    . . .     Gourm    .   (shield currently unavailable)
rNeg     + + +     Faith    .   R - +7 chain mail "Wioshryitt" {rPois rCorr Stlth+}
rPois    +         Spirit   .   (helmet restricted)
rElec    .         Reflect  +   N - +2 cloak {MR+}
rCorr    +         Harm     .   h - +2 pair of gloves {archery}
MR       +++++                  c - +2 pair of boots
Stlth    ..........             X - +4 amulet of reflection
HPRegen  0.54/turn              C - ring of Xiack {rN+ Str+3 Dex+4 Slay+3}
MPRegen  0.24/turn              z - ring of the Mage {Wiz MR++ Int+3}

@: divine shield, glowing
A: retaliatory headbutt, horns 2, thin metallic scales 1, mutation resistance 1,
screaming 1, weak 1, sturdy frame 1
}: 5/15 runes: serpentine, barnacled, slimy, silver, abyssal
a: Divine Shield, Cleansing Flame, Renounce Religion


You were on level 5 of the Realm of Zot.
You worshipped the Shining One.
The Shining One was greatly pleased with you.
You were hungry.

You visited 13 branches of the dungeon, and saw 60 of its levels.
You visited the Abyss 1 time.
You also visited: Labyrinth.

You collected 10706 gold pieces.
You spent 1722 gold pieces at shops.
You donated 5688 gold pieces to Zin.

Inventory:

Hand Weapons
 a - the +3 battleaxe of a ziggurat {venom, Str+4}
   (You took it off a minotaur in a labyrinth)

   It poisons the flesh of those it strikes.
   It affects your strength (+4).
 b - a +3 arbalest of freezing
 k - a +1 battleaxe of holy wrath
 x - a +2 executioner's axe of holy wrath (weapon)
 E - a +9 vampiric battleaxe
Missiles
 j - 8 throwing nets (quivered)
 D - 1246 bolts
Armour
 c - a +2 pair of boots (worn)
 h - a +2 pair of gloves of archery (worn)
 N - a +2 cloak of magic resistance (worn)
 R - the +7 chain mail "Wioshryitt" (worn) {rPois rCorr Stlth+}
   (You took it off a minotaur in a labyrinth)

   It protects you from poison.
   It protects you from acid and corrosion.
   It makes you more stealthy.
Jewellery
 r - an uncursed ring of protection from fire
 y - an uncursed ring of stealth
 z - the ring of the Mage (right hand) {Wiz MR++ Int+3}
   (You took it off a minotaur in a labyrinth)

   [ring of wizardry]

   It improves your spell success rate.
   It affects your intelligence (+3).
   It affects your resistance to hostile enchantments.
 A - a +5 ring of slaying
 B - an uncursed ring of protection from cold
 C - the ring of Xiack (left hand) {rN+ Str+3 Dex+4 Slay+3}
   (You took it off a deep elf master archer on level 3 of the Elven Halls)

   [ring of positive energy]

   It affects your strength (+3).
   It affects your dexterity (+4).
   It affects your accuracy and damage with ranged weapons and melee attacks
   (+3).
   It protects you from negative energy.
 H - an uncursed ring of ice
 K - a +5 ring of slaying
 O - an uncursed ring of see invisible
 X - a +4 amulet of reflection (around neck)
 Z - the ring of Departure {*Corrode +Inv rElec rPois Str-4}
   (You found it on level 5 of the Lair of Beasts)

   [ring of poison resistance]

   It affects your strength (-4).
   It insulates you from electricity.
   It protects you from poison.
   It lets you turn invisible.
   It may corrode you when you take damage.
Wands
 l - a wand of disintegration (42)
 s - a wand of polymorph (19)
 G - a wand of paralysis (32)
 M - a wand of enslavement (24)
 W - a wand of digging (21)
Scrolls
 d - 9 scrolls of enchant armour
 e - 19 scrolls of teleportation
 i - 4 scrolls of fear
 q - 2 scrolls of immolation
 u - 2 scrolls of holy word
 U - 4 scrolls of identify
 V - a scroll of blinking
Potions
 g - 6 potions of flight
 n - 3 potions of cancellation
 o - 11 potions of curing
 t - 2 potions of heal wounds
 v - 3 potions of invisibility
 w - a potion of brilliance
 F - 10 potions of haste
 I - 3 potions of magic
 J - 5 potions of agility
 L - 3 potions of mutation
 P - 4 potions of might
 Q - 4 potions of ambrosia
 S - a potion of resistance
 Y - 6 potions of berserk rage
Miscellaneous
 p - 4 boxes of beasts
Comestibles
 f - 38 rations
 m - 6 chunks of flesh


   Skills:
 - Level 25.0 Fighting
 - Level 26.0 Axes
 - Level 18.0 Crossbows
 + Level 24.2 Armour
 - Level 25.3 Dodging
   Level 3.6 Shields
 - Level 17.0 Invocations


You had 26 spell levels left.
You didn't know any spells.

Dungeon Overview and Level Annotations

Branches:
Dungeon (15/15)            Temple (1/1) D:7            Lair (6/6) D:10
 Shoals (4/4) Lair:3        Snake (4/4) Lair:4        Slime (5/5) Lair:5
    Orc (2/2) D:11            Elf (3/3) Orc:2        Vaults (5/5) D:14
  Crypt (3/3) Vaults:3       Tomb (2/3) Crypt:3      Depths (5/5) D:15
    Zot (5/5) Depths:5

Altars:
Ashenzari
Cheibriados
Dithmenos
Elyvilon
Fedhas
Gozag
Hepliaklqana
Kikubaaqudgha
Makhleb
Nemelex Xobeh
Okawaru
Qazlal
Ru
Sif Muna
Trog
Uskayaw
Vehumet
Wu Jian
Xom
Yredelemnul
Zin
The Shining One
Beogh

Shops:
D:8 }*   D:13 }   Orc:2 [?![   Shoals:2 *   Vaults:3 *   Vaults:4 (
Depths:2 }=}

Portals:
Hell: Depths:1 Depths:2 Depths:3 Depths:4 Depths:5
Abyss: Depths:2 Depths:4
Pandemonium: Depths:1 Depths:2 Depths:3 Depths:4
Ziggurat: Depths:1

Annotations:
Lair:2 exclusion: oklob plant
Lair:4 exclusion: 3 oklob plants
Tomb:2 Frederick


Innate Abilities, Weirdness & Mutations

You reflexively headbutt those who attack you in melee.
You have a pair of horns on your head.
You are partially covered in thin metallic scales. (AC +2)
You are somewhat resistant to further mutation.
You occasionally shout uncontrollably at your foes.
You are weak. (Str -2)
Your movements are slightly less encumbered by armour. (ER -2)


Message History

The electric golem completely misses you.
The orb of fire glows yellow.
The bolt of fire hits your daeva.
Your larval fireshock beast hits the ancient lich.
Your daeva barely misses the orb of fire.
Your daeva hits the orb of fire but does no damage.
You regained 13 hp, and now have 103/266 hp.
You hit the orb of fire but do no damage.
The orb of fire is almost destroyed.
You completely miss the electric golem. You barely miss the ancient lich.
The electric golem hurls lightning at you.
The bolt of lightning misses you.
The bolt of lightning misses your daeva. x2
The bolt of lightning hits you!
* * * LOW HITPOINT WARNING * * *
The bolt of lightning hits the electric golem.
The electric golem completely resists.
The orb of fire glows yellow.
The bolt of fire hits you!
You die...

##### ##### #...#
#.... #...# #
###....##...######.
.....(............
......(((.......#
.......8.....(..###
.....8*@.....(....#
####
......LA..........#
#...
#....H####........#
#... #...##
####......###...
...
.................
..
................. .
#####..<.....#...
#........#...
#......###...


You could see an orb of fire, 2 electric golems, an ancient lich, a friendly
daeva and a friendly larval fireshock beast.

Vanquished Creatures
  the Royal Jelly (Slime:5)
  2 ancient liches
  The ghost of nightchill the Slayer, a master MiFi of Uskayaw (Zot:1)
  The ghost of doot the Executioner, a master HOCK of Beogh (Depths:3)
  4 greater mummies (Tomb:2)
  Boris (twice) (Vaults:2 Crypt:2)
  2 curse toes
  The ghost of shugdite the Minotaur Barricade, a veteran MiFi of Okawaru (Crypt:3)
  Vashnia (Snake:4)
  A golden dragon (shapeshifter) (D:15)
  7 golden dragons
  Jory (Depths:3)
  2 profane servitors
  An electric golem (Zot:2)
  4 liches
  3 bone dragons
  Jorgrun (Snake:4)
  14 tentacled monstrosities
  A hellephant (Depths:4)
  The ghost of Amon001 the Slayer, an adept GrFi of Okawaru (Elf:3)
  4 titans
  2 deep elf blademasters (Elf:3)
  A quicksilver dragon (Zot:3)
  4 deep elf master archers (Elf:3)
  3 Executioners
  15 acid blobs
  5 death cobs
  A kraken (Shoals:2)
  9 sphinxes
  10 shadow dragons
  12 tentacled starspawn
  4 ancient champions
  14 azure jellies
  2 revenants (Crypt:2)
  10 tengu reavers
  2 draconian monks
  13 storm dragons
  10 fire giants
  5 nagarajas
  4 frost giants
  6 deep elf sorcerers
  6 draconian knights
  13 vault wardens
  4 draconian scorchers
  Aizul (Depths:1)
  2 draconian shifters
  An orc warlord (D:13)
  2 iron dragons (Vaults:5)
  4 balrugs
  2 curse skulls
  13 ironheart preservers
  5 deep elf elementalists
  A reaper (Crypt:2)
  9 ghouls
  A spriggan defender (Depths:4)
  6 cacodemons
  7 draconian annihilators
  24 stone giants
  3 entropy weavers
  21 very ugly things
  2 war gargoyles (Vaults:5)
  A bennu (Tomb:2)
  10 green draconians
  5 deep elf demonologists
  8 vampire knights
  14 black draconians
  7 deep elf annihilators
  A lorocyproca (Depths:4)
  15 dire elephants (Depths:4)
  3 yellow draconians
  9 red draconians
  A spark wasp (Depths:5)
  17 white draconians
  7 purple draconians
  4 blizzard demons
  7 green deaths
  3 merfolk javelineers (Shoals:4)
  9 eidola
  3 merfolk impalers
  21 ettins
  8 deep elf death magi
  7 death oozes (Slime:5)
  13 jiangshi
  6 fire dragons
  6 mummy priests
  2 deep elf high priests
  A quicksilver dragon skeleton (Crypt:2)
  Erolcha (Orc:1)
  9 great orbs of eyes
  A minotaur (Lab)
  5 rakshasas
  8 yaktaur captains
  13 ice dragons
  Harold (Lair:3)
  11 centaur warriors
  6 anacondas
  34 vault guards
  24 naga warriors
  2 spriggan air magi
  4 hydras
  4 catoblepae
  An alligator snapping turtle (shapeshifter) (Vaults:5)
  7 merfolk aquamancers
  33 two-headed ogres
  A merfolk avatar (Shoals:3)
  A satyr (Shoals:3)
  20 dancing weapons
  7 tengu warriors
  5 death knights
  3 alligator snapping turtles
  6 deep troll shamans
  5 death scarabs (Tomb:2)
  5 vampire magi
  A two-headed ogre (shapeshifter) (Vaults:5)
  A queen ant (shapeshifter) (Elf:1)
  10 ogre magi
  6 deep troll earth magi
  7 death yaks (Lair:6)
  8 spriggan berserkers
  10 thrashing horrors (Abyss:3)
  A spriggan (Depths:4)
  9 shock serpents
  4 titan zombies
  12 deep elf knights
  12 naga sharpshooters
  2 storm dragon zombies
  5 sun demons
  2 iron trolls
  9 wretched stars
  A shadow wraith (Vaults:4)
  The ghost of 4thArraOfDagon the Reanimator, a novice DDNe of Makhleb (Orc:2)
  A soul eater (Depths:1)
  A fire crab (shapeshifter) (Vaults:1)
  5 sea snakes
  25 skeletal warriors
  2 sixfirhies
  2 golden dragon zombies (Crypt:3)
  A deep troll (shapeshifter) (Vaults:4)
  11 hell knights
  26 deep trolls
  3 spatial maelstroms
  2 swamp dragons (Abyss:3)
  6 unseen horrors
  5 salamander mystics
  3 anaconda zombies
  14 flayed ghosts
  6 naga ritualists
  2 wizards (Depths:2)
  A swamp dragon (shapeshifter) (Depths:5)
  15 ironbrand convokers
  A gelid demonspawn (Depths:4)
  6 glowing orange brains
  9 deep elf archers
  22 phantasmal warriors
  15 harpies
  An iron giant skeleton (Crypt:1)
  Pikel (D:6)
  9 orc knights
  11 necromancers
  A golden dragon skeleton (Crypt:2)
  10 mana vipers
  An orc sorcerer (Orc:2)
  35 ugly things
  9 cyclopes
  7 worldbinders
  2 frost giant zombies
  A wolf spider zombie (Crypt:3)
  47 deep elf magi
  3 shining eyes
  2 fire giant zombies (Crypt:2)
  3 tengu skeletons
  2 human zombies
  An iron dragon skeleton (Vaults:5)
  5 wolf spiders
  2 stone giant zombies (Crypt:3)
  17 salamanders
  9 fauns
  11 manticores
  15 moths of wrath
  37 black mambas
  2 human skeletons (Vaults:4)
  A black mamba (shapeshifter) (Depths:4)
  2 stone giant skeletons
  3 guardian serpents (shapeshifter)
  3 apocalypse crabs (Abyss:3)
  11 merfolk sirens
  An eye of devastation (Slime:2)
  A dire elephant zombie (Crypt:3)
  4 elephants
  3 rust devils
  14 vault sentinels
  A torpor snail (Lair:6)
  6 guardian serpents
  An emperor scorpion zombie (Crypt:2)
  12 starcursed masses
  2 orange demons
  A fire giant skeleton (Crypt:2)
  6 centaur skeletons
  A storm dragon simulacrum (Crypt:1)
  10 spiny frogs
  17 naga magi
  A rime drake (shapeshifter) (Vaults:3)
  6 water nymphs
  7 smoke demons
  2 rime drakes (Lair:6)
  A pale draconian zombie (Crypt:2)
  3 hellions
  17 freezing wraiths
  11 komodo dragons
  3 tormentors
  An ice devil (Depths:4)
  25 yaktaurs
  2 kobold demonologists (Abyss:2)
  3 efreet (Depths:3)
  2 red devils (Depths:4)
  4 hellwings
  A green draconian skeleton (Crypt:1)
  11 ancient zymes
  A white draconian skeleton (Crypt:2)
  2 hydra zombies
  A catoblepas skeleton (Crypt:2)
  A jumping spider (shapeshifter) (Vaults:5)
  24 merfolk
  18 guardian mummies
  A troll (shapeshifter) (Vaults:2)
  2 polar bears
  2 wind drakes (Shoals:4)
  A meliai (D:13)
  4 tengu conjurers
  13 trolls
  A tengu simulacrum (Vaults:1)
  70 slime creatures
  A queen bee (shapeshifter) (Vaults:3)
  3 hornets
  A meliai (shapeshifter) (Abyss:3)
  22 blink frogs
  A bog body (Crypt:2)
  9 hippogriffs
  A dream sheep (shapeshifter) (Vaults:5)
  20 raiju
  A slime creature (shapeshifter) (Depths:2)
  9 dream sheep
  A hydra skeleton (Crypt:2)
  An ettin zombie (Crypt:3)
  2 meliai zombies
  8 snapping turtles
  4 fire dragon zombies
  10 flying skulls
  4 shadows
  8 wyverns
  A redback (shapeshifter) (Depths:1)
  4 air elementals
  19 water elementals
  A wyvern (shapeshifter) (Depths:1)
  Sigmund (D:6)
  2 redbacks (Lab)
  A fire dragon skeleton (Crypt:2)
  3 ushabtiu
  11 ynoxinuls
  3 fire bats (Abyss:3)
  16 wraiths
  65 yaks
  3 fire elementals
  An ettin skeleton (Crypt:2)
  9 chaos spawn
  3 neqoxecs (Abyss:3)
  7 basilisks
  A hog (shapeshifter) (D:15)
  2 human simulacra (Vaults:1)
  Eustachio (D:5)
  2 steam dragons
  7 hungry ghosts
  5 golden eyes (Slime:2)
  Menkaure (D:6)
  5 wargs
  3 vampire mosquitoes (D:13)
  3 spatial vortices
  A water nymph zombie (Crypt:1)
  31 large abominations
  58 nagas
  Duvessa (D:5)
  14 water moccasins
  A water moccasin (shapeshifter) (D:15)
  4 acid dragons
  A deep troll skeleton (Crypt:2)
  8 porcupines
  3 eyes of draining
  5 phantoms
  30 orc warriors
  5 sky beasts
  3 black bears
  8 ice beasts
  44 ogres
  3 snapping turtle zombies
  3 ettin simulacra (Depths:3)
  13 necrophages
  A swamp dragon zombie (Crypt:2)
  41 wolves
  5 boggarts (Vaults:1)
  8 crocodiles
  19 centaurs
  A draconian zombie (Crypt:1)
  5 elf zombies
  A yaktaur zombie (Crypt:2)
  28 bullfrogs
  A yaktaur skeleton (Vaults:1)
  2 earth elementals
  Dowan (D:5)
  31 small abominations
  5 scorpions
  11 wyvern skeletons
  A yak zombie (Crypt:2)
  12 killer bees
  12 wights
  6 howler monkeys
  2 electric eels (D:10)
  6 crimson imps
  6 centaur zombies
  5 jellies
  5 quasits
  3 bullfrog zombies
  14 hounds
  5 iron imps
  32 orc wizards
  17 orc priests
  4 bullfrog skeletons
  5 iguanas
  9 worker ants
  A killer bee zombie (D:9)
  A crocodile zombie (Crypt:1)
  27 mummies
  An ogre skeleton (Crypt:1)
  3 hound skeletons
  2 worker ant zombies
  Robin (D:3)
  7 gnolls
  A howler monkey skeleton (D:4)
  13 adders
  A swamp drake zombie (Crypt:2)
  5 shadow imps
  5 white imps
  4 ufetubi
  An ooze (D:2)
  2 adder zombies
  3 adder skeletons
  4 worms
  A dart slug (D:4)
  7 leopard geckos
  90 orcs
  4 ball pythons
  4 bats
  6 giant cockroaches
  13 goblins
  13 hobgoblins
  17 jackals
  12 kobolds
  10 quokkas
  7 frilled lizards
  A goblin zombie (Crypt:1)
  A leopard gecko zombie (Crypt:2)
  2 quokka skeletons
  3 rats
  A butterfly (Lair:5)
  2 crawling corpses (Vaults:5)
  4 fungi
  2 lurking horrors (Abyss:3)
  19 plants
  13 starspawn tentacles
  5 tentacles
  2 withered plants (Crypt:3)
2736 creatures vanquished.

Vanquished Creatures (collateral kills)
  Khufu (Tomb:2)
  An ancient lich (Abyss:3)
  Mara (Vaults:2)
  2 greater mummies
  Xtahua (Vaults:2)
  A Killer Klown (Zot:2)
  A hellephant (Abyss:3)
  A tentacled monstrosity (Zot:1)
  A deep elf blademaster (Elf:3)
  A deep elf master archer (Elf:3)
  2 acid blobs (Slime:5)
  2 tentacled starspawn (Abyss:3)
  A tengu reaver (Depths:3)
  An azure jelly (Slime:5)
  A nagaraja (Snake:4)
  Ilsuiw (Shoals:4)
  A frost giant (D:13)
  A ghost moth (Abyss:3)
  A draconian scorcher (Abyss:3)
  A balrug (Tomb:2)
  An orc warlord (Vaults:5)
  A draconian stormcaller (Zot:4)
  A draconian annihilator (Zot:4)
  A stone giant (Vaults:2)
  4 very ugly things
  A bennu (Tomb:2)
  A deep elf demonologist (Vaults:3)
  A white draconian (Zot:3)
  A deep elf annihilator (Elf:3)
  A black draconian (Zot:1)
  2 red draconians
  A yellow draconian (Zot:1)
  2 deep elf death magi (Elf:3)
  2 merfolk javelineers
  A fire dragon (Depths:3)
  A merfolk impaler (Shoals:4)
  A mummy priest (Tomb:1)
  A rakshasa (Depths:3)
  3 naga warriors
  An anaconda (Snake:2)
  A satyr (Shoals:3)
  5 dancing weapons (Elf:2)
  A deep troll shaman (Depths:3)
  A vampire mage (Vaults:3)
  A hell hog (Abyss:3)
  A naga sharpshooter (Snake:4)
  4 deep elf knights (Elf:2)
  A thrashing horror (Abyss:3)
  A shadow wraith (Abyss:3)
  A sea snake (Shoals:3)
  2 deep trolls
  A naga ritualist (Snake:2)
  2 deep elf archers
  3 deep elf magi
  3 fauns (Shoals:3)
  An ugly thing (Depths:3)
  2 salamanders (Snake:2)
  A mana viper (Snake:2)
  An orc sorcerer (Abyss:2)
  2 worldbinders (Abyss:3)
  2 large abominations
  A moth of wrath (Zot:1)
  3 merfolk sirens (Shoals:4)
  A black mamba (Lair:4)
  A naga mage (Snake:2)
  A vault sentinel (Vaults:3)
  An eye of devastation (Slime:5)
  3 guardian mummies
  4 yaktaurs
  2 hellwings (Abyss:3)
  A merfolk (Shoals:4)
  A hornet (shapeshifter) (Abyss:3)
  4 ancient zymes (Abyss:3)
  3 dream sheep
  6 slime creatures
  A snapping turtle (Shoals:4)
  A fire dragon zombie (Tomb:2)
  3 ushabtiu
  A neqoxec (Abyss:3)
  7 nagas (Snake:4)
  A water moccasin (Lair:4)
  A sky beast (Abyss:3)
  An eye of draining (Slime:1)
  11 starcursed masses (Abyss:3)
  An ogre (Vaults:5)
  A big kobold (Abyss:2)
  2 small abominations
  An orc wizard (Orc:2)
  An iron imp (Abyss:3)
  A mummy (Tomb:1)
  4 orcs
  A fungus (Lair:5)
  A plant (Shoals:3)
  3 starspawn tentacles (Abyss:3)
  A tentacle (Shoals:4)
164 creatures vanquished.

Vanquished Creatures (others)
  Nikola (Elf:3)
  A lich (Tomb:2)
  A kraken (Shoals:4)
  A tengu reaver (Vaults:5)
  2 ghouls (Crypt:1)
  A vampire knight (Crypt:1)
  A death scarab (Tomb:2)
  3 skeletal warriors
  A shadow wraith (Vaults:4)
  A titan skeleton (Crypt:1)
  A glowing orange brain (Depths:4)
  An ushabti (Tomb:1)
  A golden eye (Slime:2)
  A water moccasin (Lair:5)
  A boggart (Vaults:1)
  A worker ant (D:13)
  5 mummies
  An orc (Orc:2)
  93 fungi
  A lurking horror (Abyss:3)
  63 plants
  32 starspawn tentacles
  9 tentacles
  2 withered plants (Crypt:3)
225 creatures vanquished.

Grand Total: 3125 creatures vanquished

Notes
Turn   | Place    | Note
-------+----------+-------------------------------------------
     0 | D:1      | Raikon the Minotaur Fighter began the quest for the Orb.
     0 | D:1      | Reached XP level 1. HP: 19/19 MP: 0/0
    51 | D:1      | Reached skill level 3 in Axes
   115 | D:1      | Reached XP level 2. HP: 23/26 MP: 1/1
   228 | D:1      | Reached skill level 4 in Axes
   374 | D:1      | Reached XP level 3. HP: 29/31 MP: 2/2
   999 | D:2      | Reached skill level 5 in Axes
  1459 | D:2      | Reached XP level 4. HP: 32/39 MP: 3/3
  1813 | D:3      | Noticed Robin
  1821 | D:3      | Killed Robin
  1822 | D:3      | Reached skill level 6 in Axes
  1911 | D:3      | Found a snail-covered altar of Cheibriados.
  1941 | D:3      | Reached XP level 5. HP: 28/45 MP: 4/4
  2056 | D:3      | Reached skill level 7 in Axes
  2297 | D:3      | Reached XP level 6. HP: 31/52 MP: 5/5
  2875 | D:3      | Found a burning altar of Makhleb.
  2919 | D:3      | Reached skill level 5 in Fighting
  2929 | D:3      | Became a worshipper of Makhleb the Destroyer
  3010 | D:3      | Found an ancient bone altar of Kikubaaqudgha.
  3010 | D:3      | Found a faded altar of an unknown god.
  3016 | D:3      | Found a faded altar of an unknown god.
  3018 | D:3      | Found a sacrificial altar of Ru.
  3020 | D:3      | Found a shattered altar of Ashenzari.
  3121 | D:4      | Found a blossoming altar of Fedhas.
  3602 | D:4      | Reached XP level 7. HP: 62/64 MP: 6/6
  3924 | D:5      | Entered Level 5 of the Dungeon
  3935 | D:5      | Reached * piety under Makhleb
  3947 | D:5      | Reached skill level 8 in Axes
  3985 | D:5      | Noticed a two-headed ogre
  4001 | D:5      | Killed a two-headed ogre
  4001 | D:5      | Reached skill level 10 in Axes
  4001 | D:5      | Reached XP level 8. HP: 73/73 MP: 7/7
  4239 | D:5      | Reached skill level 11 in Axes
  4430 | D:5      | Noticed Eustachio
  4440 | D:5      | Killed Eustachio
  4528 | D:5      | Noticed Duvessa
  4528 | D:5      | Noticed Dowan
  4898 | D:5      | Killed Duvessa
  4898 | D:5      | Reached skill level 12 in Axes
  4903 | D:5      | Killed Dowan
  5063 | D:6      | Reached XP level 9. HP: 79/79 MP: 8/8
  5078 | D:6      | Noticed Menkaure
  5080 | D:6      | Noticed Pikel
  5476 | D:6      | Noticed Sigmund
  5578 | D:6      | Reached skill level 13 in Axes
  5580 | D:6      | Reached ** piety under Makhleb
  5852 | D:6      | Killed Sigmund
  5901 | D:6      | Killed Menkaure
  6127 | D:6      | Killed Pikel
  6127 | D:6      | Reached skill level 14 in Axes
  6298 | D:7      | Found a sparkling altar of Nemelex Xobeh.
  6405 | D:7      | Reached skill level 5 in Armour
  6436 | D:7      | Found an opulent altar of Gozag.
  6661 | D:7      | Found a staircase to the Ecumenical Temple.
  6670 | Temple   | Entered the Ecumenical Temple
  6942 | D:7      | Reached XP level 10. HP: 86/86 MP: 9/9
  6943 | D:7      | Found a glowing silver altar of Zin.
  7519 | D:8      | Reached *** piety under Makhleb
  7708 | D:8      | Found Xurr's Gadget Boutique.
  7759 | D:8      | Found Cosamukh's Commerce Corner.
  8311 | D:9      | Reached skill level 10 in Fighting
  8542 | D:9      | Reached **** piety under Makhleb
  8885 | D:9      | Found an ornate altar of the Wu Jian Council.
  8923 | D:9      | Noticed a two-headed ogre
  8938 | D:9      | Killed a two-headed ogre
  8938 | D:9      | Reached XP level 11. HP: 104/104 MP: 7/10
  8965 | D:10     | Entered Level 10 of the Dungeon
  9301 | D:10     | Found a staircase to the Lair.
 10477 | D:11     | Found a labyrinth entrance.
 10495 | Lab      | Entered a labyrinth
 10723 | Lab      | Reached skill level 1 in Invocations
 10868 | Lab      | Noticed a minotaur
 10878 | Lab      | Killed a minotaur
 10881 | Lab      | Got a jewelled battleaxe {venom}
 10881 | Lab      | Got a distressingly furry chain mail
 10902 | D:11     | Identified the cursed +3 battleaxe of a ziggurat {venom, Str+4} (You took it off a minotaur in a labyrinth)
 10930 | D:11     | Identified the +7 chain mail "Wioshryitt" {rPois rCorr Stlth+} (You took it off a minotaur in a labyrinth)
 11006 | D:11     | Found a staircase to the Orcish Mines.
 11054 | D:11     | Noticed a brown ugly thing
 11056 | D:11     | Noticed a red ugly thing
 11056 | D:11     | Noticed a brown ugly thing
 11074 | Orc:1    | Entered Level 1 of the Orcish Mines
 11081 | Orc:1    | Killed a brown ugly thing
 11081 | Orc:1    | Reached skill level 5 in Invocations
 11091 | D:11     | Killed a brown ugly thing
 11092 | D:11     | Killed a brown ugly thing
 11139 | D:11     | Reached ***** piety under Makhleb
 11391 | D:11     | Reached XP level 12. HP: 107/117 MP: 12/16
 11694 | Lair:1   | Entered Level 1 of the Lair of Beasts
 11824 | Lair:1   | Found the +2 robe of Vines {NoPotionHeal Regen+7}
 12388 | Lair:2   | Reached skill level 15 in Axes
 12510 | Lair:2   | Noticed a five-headed hydra
 12525 | Lair:2   | Killed a nine-headed hydra
 13048 | Lair:2   | Reached skill level 16 in Axes
 13822 | Lair:3   | Found a staircase to the Shoals.
 14152 | Lair:3   | Noticed Harold
 14165 | Lair:3   | Killed Harold
 14197 | Lair:3   | Identified a scroll of acquirement
 14383 | Lair:4   | Reached XP level 13. HP: 113/124 MP: 16/19
 14436 | Lair:4   | Reached skill level 17 in Axes
 14485 | Lair:4   | Found a staircase to the Snake Pit.
 14709 | Lair:4   | Reached skill level 18 in Axes
 15609 | Lair:5   | Found a staircase to the Slime Pits.
 15699 | Lair:5   | Got a glittering turquoise ring
 15717 | Lair:5   | Reached skill level 19 in Axes
 15921 | Lair:5   | Identified the ring of Departure {*Corrode +Inv rElec rPois Str-4} (You found it on level 5 of the Lair of Beasts)
 16237 | Lair:6   | Entered Level 6 of the Lair of Beasts
 16421 | Lair:6   | Reached skill level 20 in Axes
 16449 | Lair:6   | Reached skill level 10 in Invocations
 16449 | Lair:6   | Reached XP level 14. HP: 132/132 MP: 18/20
 16624 | Lair:6   | Reached skill level 10 in Armour
 16713 | Lair:6   | Got a bound lapis lazuli ring
 16738 | Lair:6   | Reached skill level 5 in Crossbows
 16959 | Lair:6   | Identified the ring "Bazaamp" {Wiz Dex+4} (You found it on level 6 of the Lair of Beasts)
 17346 | Orc:1    | Noticed Erolcha
 17352 | Orc:1    | Killed Erolcha
 17809 | Orc:2    | Entered Level 2 of the Orcish Mines
 17864 | Orc:1    | Reached ****** piety under Makhleb
 18050 | Orc:2    | Noticed 4thArraOfDagon's ghost (novice DDNe)
 18065 | Orc:2    | Killed 4thArraOfDagon's ghost
 18141 | Orc:2    | Found a staircase to the Elven Halls.
 18164 | Orc:2    | Found Waitt's Distillery.
 18164 | Orc:2    | Found Rysuirph's Antique Armour Emporium.
 18164 | Orc:2    | Found Kiomaf's Armour Shoppe.
 18164 | Orc:2    | Found Jaggudy's Magic Scroll Shop.
 18177 | Orc:2    | Reached skill level 10 in Crossbows
 18196 | Orc:2    | Reached XP level 15. HP: 105/138 MP: 9/21
 18246 | Orc:2    | Bought a potion of heal wounds for 85 gold pieces
 18246 | Orc:2    | Bought a potion of heal wounds for 85 gold pieces
 18246 | Orc:2    | Bought a potion of heal wounds for 85 gold pieces
 18249 | Orc:2    | Bought a scroll of blinking for 120 gold pieces
 18256 | Orc:2    | Found a roughly hewn altar of Beogh.
 19666 | D:13     | Found Uxejest's Gadget Shoppe.
 19729 | D:13     | Noticed a frost giant
 19739 | D:13     | Killed a frost giant
 19757 | D:13     | Noticed a tengu reaver
 19762 | D:13     | Killed a tengu reaver
 19763 | D:13     | Noticed a fire giant
 19775 | D:13     | Killed a fire giant
 19779 | D:13     | Noticed a storm dragon
 19793 | D:13     | Killed a storm dragon
 20113 | D:13     | Noticed an orc warlord
 20127 | D:13     | Killed an orc warlord
 20987 | D:14     | Reached XP level 16. HP: 102/146 MP: 10/24
 21192 | D:14     | Found a gate to the Vaults.
 21578 | Snake:1  | Entered Level 1 of the Snake Pit
 21668 | Snake:1  | Reached skill level 1 in Dodging
 22072 | Snake:1  | Found the +10 large shield of Ignorance {rN+ Int-4}
 22161 | Snake:1  | Reached skill level 5 in Dodging
 23388 | Snake:2  | Found a shadowy altar of Dithmenos.
 23516 | Snake:2  | Reached skill level 10 in Dodging
 23988 | Snake:2  | Reached skill level 15 in Fighting
 24893 | Snake:3  | Reached XP level 17. HP: 133/158 MP: 13/26
 25661 | Snake:4  | Entered Level 4 of the Snake Pit
 25688 | Snake:4  | Noticed Jorgrun
 25708 | Snake:4  | Killed Jorgrun
 26294 | Snake:4  | Got a serpentine rune of Zot
 26410 | Snake:4  | Noticed Vashnia
 26763 | Snake:4  | Killed Vashnia
 26763 | Snake:4  | Reached skill level 15 in Armour
 27490 | Shoals:1 | Entered Level 1 of the Shoals
 27889 | Shoals:1 | Reached XP level 18. HP: 128/172 MP: 14/27
 28506 | Shoals:2 | Found Heehoer's Assorted Antiques.
 29418 | Shoals:4 | Entered Level 4 of the Shoals
 29452 | Shoals:4 | Noticed Ilsuiw
 29468 | Shoals:4 | Killed Ilsuiw
 30769 | Shoals:4 | Got a barnacled rune of Zot
 31054 | Elf:1    | Entered Level 1 of the Elven Halls
 31578 | Elf:1    | Reached skill level 15 in Crossbows
 31581 | Elf:1    | Identified the Disquisition on Black Magic
 32429 | Elf:2    | Found a huge runed gate.
 32429 | Elf:2    | Found a huge runed gate.
 32430 | Elf:2    | Found a huge runed gate.
 32431 | Elf:2    | Found a huge runed gate.
 32439 | Elf:2    | Found a huge runed gate.
 32462 | Elf:2    | Reached XP level 19. HP: 159/179 MP: 24/28
 33218 | Elf:3    | Entered Level 3 of the Elven Halls
 33626 | Elf:3    | Noticed Amon001's ghost (adept GrFi)
 33679 | Elf:3    | Killed Amon001's ghost
 34103 | Elf:3    | Noticed a Brimstone Fiend
 34436 | Elf:3    | Noticed Nikola
 34471 | Elf:3    | Killed Nikola
 36128 | Elf:3    | Identified the Collected Works on Attacks
 36159 | Elf:3    | Got a scorched bone ring
 36176 | Elf:3    | Identified the ring of Hifucoed {rPois MP+9 Str+3} (You took it off a deep elf high priest on level 3 of the Elven Halls)
 36178 | Elf:3    | Identified the ring of Xiack {rN+ Str+3 Dex+4 Slay+3} (You took it off a deep elf master archer on level 3 of the Elven Halls)
 36207 | Elf:3    | Got a glittering brass ring
 36811 | Vaults:1 | Entered Level 1 of the Vaults
 37043 | Vaults:1 | Identified the ring of Nout {rF+ Int+3} (You took it off a deep elf blademaster on level 3 of the Elven Halls)
 37430 | Vaults:1 | Reached XP level 20. HP: 105/187 MP: 19/29
 38487 | Vaults:2 | Found a magical portal.
 38489 | Vaults:2 | Noticed Mara
 38511 | Vaults:2 | Killed Mara
 38706 | Vaults:2 | Noticed Boris
 38728 | Vaults:2 | Killed Boris
 38911 | Vaults:2 | Identified the cursed +0 scale mail "Jiobau Elimi" {rPois MR++ MP-9 Stlth+} (You found it on level 2 of the Vaults)
 39443 | Vaults:2 | Noticed Xtahua
 39463 | Vaults:2 | Killed Xtahua
 40364 | Vaults:3 | Reached XP level 21. HP: 182/194 MP: 22/30
 40505 | Vaults:3 | Reached skill level 15 in Dodging
 40516 | Vaults:3 | Found a staircase to the Crypt.
 41161 | Vaults:3 | Found Riuruima's General Store.
 42836 | Vaults:5 | Entered Level 5 of the Vaults
 43072 | Vaults:5 | Noticed an ancient lich
 43094 | Vaults:5 | Killed an ancient lich
 43439 | Vaults:5 | Reached XP level 22. HP: 191/202 MP: 26/31
 43730 | Vaults:5 | Identified the ring "Zeud" {rCorr MR+ Str+2 Dex-4 Stlth+} (You took it off an ironbrand convoker on level 5 of the Vaults)
 43970 | Vaults:5 | Identified the Grimoire of Mutagenic Black Rites
 44198 | Vaults:5 | Got a silver rune of Zot
 44466 | Vaults:4 | Found Gipleg's Weapon Boutique.
 44672 | D:15     | Entered Level 15 of the Dungeon
 44940 | D:15     | Noticed a golden dragon
 44942 | D:15     | a golden dragon changed into a shadow dragon
 44957 | D:15     | Noticed a golden dragon
 44957 | D:15     | a shadow dragon changed into a golden dragon
 44962 | D:15     | Killed a golden dragon
 44963 | D:15     | Found a staircase to the Depths.
 44970 | Depths:1 | Entered Level 1 of the Depths
 45069 | Depths:1 | Noticed Aizul
 45087 | Depths:1 | Killed Aizul
 45447 | Depths:1 | Found a gateway to Hell.
 45628 | Depths:1 | Found a one-way gate leading to the halls of Pandemonium.
 45840 | Depths:1 | Found a gateway to a ziggurat.
 45865 | Depths:1 | Reached XP level 23. HP: 221/221 MP: 29/32
 46140 | Depths:2 | Found a sparkling altar of Nemelex Xobeh.
 46290 | Depths:2 | Found a one-way gate to the infinite horrors of the Abyss.
 47114 | Depths:2 | Found Siseum's Gadget Boutique.
 47115 | Depths:2 | Found Poynk's Jewellery Shoppe.
 47116 | Depths:2 | Found Suovuheh's Gadget Boutique.
 47127 | Depths:2 | Bought a +4 amulet of reflection for 567 gold pieces
 47138 | Depths:2 | Bought a box of beasts for 280 gold pieces
 47583 | Orc:2    | Bought a scroll of enchant weapon for 120 gold pieces
 47583 | Orc:2    | Bought a scroll of enchant weapon for 120 gold pieces
 47583 | Orc:2    | Bought a scroll of magic mapping for 56 gold pieces
 47585 | Orc:2    | Bought a potion of might for 68 gold pieces
 47585 | Orc:2    | Bought a potion of ambrosia for 136 gold pieces
 47797 | Depths:3 | Noticed Jory
 47820 | Depths:3 | Noticed doot's ghost (master HOCK)
 47827 | Depths:3 | Killed Jory
 47875 | Depths:3 | Killed doot's ghost
 49195 | Depths:4 | Reached XP level 24. HP: 242/242 MP: 32/32
 49645 | Depths:4 | Voluntarily entered the Abyss.
 50340 | Abyss:2  | Found a corrupted altar of Lugonu.
 50800 | Abyss:3  | Gained mutation: Armour fits poorly on your strangely shaped body. [a neqoxec]
 50860 | Abyss:3  | Gained mutation: You occasionally shout uncontrollably at your foes. [a neqoxec]
 50969 | Abyss:3  | Paralysed by you for 3 turns
 51227 | Abyss:3  | Noticed an ancient lich
 51234 | Abyss:3  | Killed an ancient lich
 51461 | Abyss:3  | Gained mutation: Your body sometimes deteriorates upon taking damage. [a neqoxec]
 51465 | Abyss:3  | Gained mutation: Your body often deteriorates upon taking damage. [a neqoxec]
 51490 | Abyss:3  | Paralysed by accursed screaming for 1 turns
 51492 | Abyss:3  | Paralysed by accursed screaming for 2 turns
 51498 | Abyss:3  | Paralysed by accursed screaming for 2 turns
 51510 | Abyss:3  | Got an abyssal rune of Zot
 51630 | Abyss:3  | Reached XP level 25. HP: 249/249 MP: 32/32
 51668 | Depths:4 | Escaped the Abyss
 51702 | Depths:5 | Entered Level 5 of the Depths
 51737 | Depths:5 | Lost mutation: Your body often deteriorates upon taking damage. [potion of mutation]
 51737 | Depths:5 | Lost mutation: You occasionally shout uncontrollably at your foes. [potion of mutation]
 51737 | Depths:5 | Gained mutation: Your mind is acute. (Int +2) [potion of mutation]
 51738 | Depths:5 | Lost mutation: Your body sometimes deteriorates upon taking damage. [potion of mutation]
 51738 | Depths:5 | Lost mutation: Your mind is acute. (Int +2) [potion of mutation]
 51738 | Depths:5 | Gained mutation: You are partially covered in thin metallic scales. (AC +2) [potion of mutation]
 51738 | Depths:5 | Gained mutation: You are agile. (Dex +2) [potion of mutation]
 51879 | Depths:5 | Found a runed door.
 51880 | Depths:5 | Found a runed door.
 51900 | Depths:5 | Found a runed door.
 51922 | Depths:5 | Found a runed door.
 51932 | Depths:5 | Found a runed door.
 51983 | Depths:5 | Found a gate to the Realm of Zot.
 52049 | Depths:5 | Found a runed door.
 53437 | Slime:1  | Entered Level 1 of the Pits of Slime
 53564 | Slime:1  | Gained mutation: You occasionally shout uncontrollably at your foes. [a shining eye]
 53566 | Slime:1  | Gained mutation: You are occasionally teleported next to monsters. [a shining eye]
 53663 | Slime:2  | Gained mutation: You are weak. (Str -2) [a shining eye]
 53731 | Slime:5  | Entered Level 5 of the Pits of Slime
 53776 | Slime:5  | Reached skill level 21 in Axes
 53828 | Slime:5  | Noticed the Royal Jelly
 53844 | Slime:5  | Killed the Royal Jelly
 54404 | Slime:5  | Reached skill level 22 in Axes
 54440 | Slime:5  | Found the +6 Majin-Bo {vamp, Archmagi MP+6 Int+6}
 54441 | Slime:5  | Found the +4 skin of Zhor {rC+++}
 54451 | Slime:5  | Identified the Tome of Clay and Summoning
 54585 | Slime:5  | Got a slimy rune of Zot
 54883 | D:7      | Fell from the grace of Makhleb
 54883 | D:7      | Became a worshipper of Zin the Law-Giver
 54883 | D:7      | Reached * piety under Zin
 54883 | D:7      | Reached ** piety under Zin
 54887 | D:7      | Donated 3710 gold pieces to Zin
 54888 | D:7      | Donated 1855 gold pieces to Zin
 54900 | D:7      | Reached *** piety under Zin
 55054 | D:10     | Reached **** piety under Zin
 55184 | Depths:1 | Reached ***** piety under Zin
 55394 | Temple   | Fell from the grace of Zin
 55394 | Temple   | Became a worshipper of the Shining One
 55394 | Temple   | Reached * piety under the Shining One
 55394 | Temple   | Reached ** piety under the Shining One
 55806 | Crypt:1  | Entered Level 1 of the Crypt
 55808 | Crypt:1  | Reached *** piety under the Shining One
 55829 | Crypt:1  | Reached XP level 26. HP: 258/258 MP: 32/32
 55905 | Crypt:1  | Reached **** piety under the Shining One
 56074 | Crypt:1  | Reached ***** piety under the Shining One
 56557 | Crypt:2  | Reached skill level 23 in Axes
 56744 | Crypt:2  | Lost mutation: Armour fits poorly on your strangely shaped body. [potion of mutation]
 56744 | Crypt:2  | Lost mutation: You are agile. (Dex +2) [potion of mutation]
 56744 | Crypt:2  | Lost mutation: You are weak. (Str -2) [potion of mutation]
 56744 | Crypt:2  | Lost mutation: You are occasionally teleported next to monsters. [potion of mutation]
 56744 | Crypt:2  | Gained mutation: You are somewhat resistant to further mutation. [potion of mutation]
 56744 | Crypt:2  | Gained mutation: Your movements are slightly less encumbered by armour. (ER -2) [potion of mutation]
 56774 | Crypt:2  | Reached ****** piety under the Shining One
 56823 | Crypt:2  | Identified a +2 executioner's axe of holy wrath (a +0 executioner's axe of freezing blessed by the Shining One)
 56823 | Crypt:2  | Received a gift from the Shining One
 57124 | Crypt:2  | Noticed Boris
 57132 | Crypt:2  | Killed Boris
 57542 | Crypt:2  | Reached skill level 24 in Axes
 57714 | Crypt:3  | Entered Level 3 of the Crypt
 57824 | Crypt:3  | Noticed shugdite's ghost (veteran MiFi)
 57832 | Crypt:3  | Killed shugdite's ghost
 57981 | Crypt:3  | Found a basalt altar of Yredelemnul.
 58132 | Crypt:3  | Identified the Almanac of Unholy Rites
 58140 | Crypt:3  | Identified the ring of Xuv Tyin {rPois rN+} (You found it on level 3 of the Crypt)
 58141 | Crypt:3  | Identified the ring "Howk" {*Contam rPois rN+ Str+4} (You found it on level 3 of the Crypt)
 58144 | Crypt:3  | Identified the Tome of Destructive Earth
 58246 | Crypt:3  | Reached skill level 25 in Axes
 58817 | Crypt:3  | Found a staircase to the Tomb.
 58878 | Tomb:1   | Entered Level 1 of the Tomb of the Ancients
 59522 | Tomb:1   | Noticed a greater mummy
 59528 | Tomb:1   | Killed a greater mummy
 59566 | Tomb:1   | Reached skill level 26 in Axes
 60142 | Tomb:2   | Noticed Frederick
 60142 | Tomb:2   | Noticed a greater mummy
 60144 | Tomb:2   | Noticed a greater mummy
 60144 | Tomb:2   | Noticed a greater mummy
 60144 | Tomb:2   | Noticed a greater mummy
 60144 | Tomb:2   | Noticed a greater mummy
 60145 | Tomb:2   | Noticed a greater mummy
 60168 | Tomb:2   | Noticed Khufu
 60179 | Tomb:2   | Killed Khufu
 60179 | Tomb:2   | Reached XP level 27. HP: 53/266 MP: 32/32
 60182 | Tomb:2   | Killed a greater mummy
 60195 | Tomb:2   | Killed a greater mummy
 60207 | Tomb:2   | Killed a greater mummy
 60214 | Tomb:2   | Killed a greater mummy
 60214 | Tomb:2   | Reached skill level 15 in Invocations
 60219 | Tomb:2   | Killed a greater mummy
 60421 | Tomb:2   | Was forgiven by Makhleb
 61387 | Zot:1    | Entered Level 1 of the Realm of Zot
 61832 | Zot:1    | Noticed nightchill's ghost (master MiFi)
 61841 | Zot:1    | Killed nightchill's ghost
 62649 | Zot:2    | Identified the cursed +1 scale mail of Biduguxt {rF+} (You found it on level 2 of the Realm of Zot)
 64198 | Zot:4    | Got a fine copper ring
 64199 | Zot:4    | Identified the ring of Wonder {*Drain rPois rC- Dex+2 Stlth+} (You found it on level 4 of the Realm of Zot)
 64681 | Zot:4    | Identified the -7 hat of the Big Bang {*Contam rN++ Int+2} (You acquired it on level 4 of the Realm of Zot)
 64829 | Zot:5    | Entered Level 5 of the Realm of Zot
 64996 | Zot:5    | Noticed an ancient lich
 65002 | Zot:5    | Killed an ancient lich
 65027 | Zot:5    | Noticed an orb of fire
 65030 | Zot:5    | Gained mutation: You are weak. (Str -2) [an orb of fire]
 65038 | Zot:5    | Noticed an ancient lich
 65044 | Zot:5    | Killed from afar by an orb of fire

Skill      XL: |  1  2  3  4  5  6  7  8  9 10 11 12 13 14 15 16 17 18 19 20 21 22 23 24 25 26 27 |
---------------+----------------------------------------------------------------------------------+-----
Axes           | 3 4 5 6 7 10 12 14 16 20 22 26 | 26.0
Fighting       | 4 6 7 12 14 15 18 21 25 | 25.0
Armour         | 6 8 11 14 15 17 20 24 | 24.2
Invocations    | 7 9 10 13 14 17 | 17.0
Crossbows      | 10 11 15 18 | 18.0
Dodging        | 10 12 14 19 20 23 25 | 25.3
Shields        | |  3.6

Action                   |  1- 3 |  4- 6 |  7- 9 | 10-12 | 13-15 | 16-18 | 19-21 | 22-24 | 25-27 || total
-------------------------+-------+-------+-------+-------+-------+-------+-------+-------+-------++-------
Melee: War axe           |    75 |       |       |       |       |       |       |       |       ||    75
       Headbutt          |     8 |    26 |    48 |   133 |   218 |   278 |   394 |   573 |   511 ||  2189
       Hand axe          |    11 |   129 |   241 |   167 |       |       |       |       |       ||   548
       Battleaxe         |       |       |       |   452 |   790 |  1072 |  1082 |  1565 |   662 ||  5623
       Executioner's axe |       |       |       |       |       |       |    10 |       |   763 ||   773
 Fire: Hand crossbow     |       |       |       |       |    41 |    14 |       |       |       ||    55
       Arbalest          |       |       |       |       |       |   132 |   107 |       |    14 ||   253
Invok: Lesser Servant of |       |       |       |       |     8 |    18 |     4 |     1 |       ||    31
       Minor Destruction |       |       |       |       |     4 |     5 |     1 |     1 |       ||    11
       Major Destruction |       |       |       |       |     2 |     2 |     2 |     1 |     3 ||    10
       Greater Servant o |       |       |       |       |       |     8 |    14 |    10 |     8 ||    40
       Donate Gold       |       |       |       |       |       |       |       |       |     3 ||     3
       Divine Shield     |       |       |       |       |       |       |       |       |    14 ||    14
       Summon Divine War |       |       |       |       |       |       |       |       |    14 ||    14
       Cleansing Flame   |       |       |       |       |       |       |       |       |     4 ||     4
       Brand Weapon With |       |       |       |       |       |       |       |       |     1 ||     1
 Abil: Evoke Flight      |       |       |       |       |       |     5 |       |       |       ||     5
Evoke: Wand              |       |       |     7 |     6 |     5 |       |       |     2 |     1 ||    21
       Box of beasts     |       |       |       |       |       |       |       |       |     1 ||     1
  Use: Scroll            |     1 |     3 |     8 |    17 |    10 |    12 |    26 |    19 |    31 ||   127
       Potion            |     1 |       |     1 |     4 |       |     2 |     9 |     8 |     9 ||    34
 Stab: Distracted        |       |       |       |       |     2 |    10 |     6 |    10 |     3 ||    31
       Confused          |       |       |       |       |       |       |       |     2 |       ||     2
  Eat: Chunk             |     1 |     8 |     4 |     6 |    14 |    12 |     9 |     6 |    12 ||    72
       Ration            |       |       |     2 |    10 |     2 |     8 |     9 |     6 |    11 ||    48
Armor: Scale mail        |    38 |    23 |    11 |       |       |       |       |       |       ||    72
       Skin              |    14 |       |     5 |       |       |       |       |       |       ||    19
       Plate armour      |       |       |    54 |   280 |       |       |       |       |       ||   334
       Chain mail        |       |       |       |   152 |   489 |   648 |   501 |   606 |   613 ||  3009
Dodge: Dodged            |    39 |    26 |    36 |   219 |   286 |   574 |   735 |  1381 |  1494 ||  4790
Block: Shield            |    53 |    44 |    68 |    56 |       |       |       |       |       ||   221
       Other             |       |       |       |       |       |       |       |   124 |   371 ||   495
       Reflection        |       |       |       |       |       |       |       |     4 |     7 ||    11
